 Dungeon Crawl Stone Soup version 0.21-a0-615-g8e08f28 (webtiles) character file.

655 shenanigans the Skirmisher (level 7, -2/59 HPs)
             Began as a Barachi Monk on Dec 23, 2017.
             Was a Believer of Cheibriados.
             Slain by an ogre
             ... wielding a +0 giant club
              (15 damage)
             ... on level 4 of the Dungeon.
             The game lasted 00:14:08 (3949 turns).

shenanigans the Skirmisher (Barachi Monk)           Turns: 3949, Time: 00:14:09

Health: -2/59      AC: 13    Str: 18    XL:     7   Next: 54%
Magic:  7/7        EV:  4    Int: 17    God:    Cheibriados [**....]
Gold:   106        SH: 12    Dex: 19    Spells: 6/6 levels left

rFire    . . .     SeeInvis .   a - +0 hand axe
rCold    . . .     Gourm    .   q - +0 large shield
rNeg     . . .     Faith    .   i - +0 chain mail
rPois    .         Spirit   .   d - +2 helmet
rElec    .         Reflect  .   (no cloak)
rCorr    .         Harm     .   (no gloves)
MR       .....                  (no boots)
Stlth    ..........             (no amulet)
HPRegen  0.19/turn              b - ring of flight
MPRegen  0.10/turn              (no ring)

@: very slow
A: +LOS, swims, slowness 1, strong legs 1
a: Hop, Bend Time, Renounce Religion, Evoke Flight


You were on level 4 of the Dungeon.
You worshipped Cheibriados.
Cheibriados was pleased with you.
You were not hungry.

You visited 1 branch of the dungeon, and saw 4 of its levels.

You collected 218 gold pieces.
You spent 112 gold pieces at shops.

Inventory:

Hand Weapons
 a - a +0 hand axe (weapon)
Armour
 d - a +2 helmet (worn)
 i - a +0 chain mail (worn)
 q - a +0 large shield (worn)
Jewellery
 b - a ring of flight (left hand)
Scrolls
 f - 2 scrolls of remove curse
 g - a scroll of teleportation
 h - 3 scrolls of noise {unknown}
 j - a scroll of immolation {unknown}
 k - 3 scrolls of identify
 l - 2 scrolls of fear {unknown}
Potions
 e - a potion of might
 m - a potion of flight
 o - a potion of brilliance {unknown}
Books
 n - a book of Conjurations

   Spells                             Type                      Level
   a - Magic Dart                     Conjuration                  1
   b - Searing Ray                    Conjuration                  2
   c - Dazzling Spray                 Conjuration/Hexes            3
   d - Fulminant Prism                Conjuration/Hexes            4
   e - Force Lance                    Conjuration/Translocation    4
   f - Iskenderun's Mystic Blast      Conjuration                  4
Comestibles
 c - 5 rations


   Skills:
 * Level 6.5 Fighting
 * Level 5.9 Axes
 * Level 5.1 Armour
 - Level 3.2 Dodging
 - Level 1.7 Stealth
 * Level 0.2 Shields
 + Level 1.0 Invocations


You had 6 spell levels left.
You didn't know any spells.

Dungeon Overview and Level Annotations

Branches:
Dungeon (4/15)
 Temple: D:4-7

Altars:
Cheibriados
Dithmenos
Elyvilon
Hepliaklqana
Kikubaaqudgha
Okawaru
Ru

Shops:
D:4 ?[


Innate Abilities, Weirdness & Mutations

Shadows flee at your approach. (+LOS)
You can swim through water.
You cover ground slowly.
You can hop short distances.


Message History

You hit the ogre.
The ogre is moderately wounded.
You hit the ogre but do no damage.
The ogre is moderately wounded.
The ogre hits you with a giant club!
You hit the ogre.
The ogre is moderately wounded.
The ogre hits you with a giant club!!
* * * LOW HITPOINT WARNING * * *
You hit the ogre.
The ogre is heavily wounded.
You block the ogre's attack.
Your shield prevents you from hitting the ogre.
The ogre is heavily wounded.
The ogre hits you with a giant club.
* * * LOW HITPOINT WARNING * * *
You hit the ogre.
The ogre is severely wounded.
The ogre hits you with a giant club!
You die...

##############.....
#..................
#..................
#..................
#..................
#..................
#..................
#######..................
.......O@.........#'###..
..................#...##'
..................#....#.
..................#....#.
..................#....'.
..................#....#.
.......##+###.....#...###
....... #.....#...#..
####### #.....#...#..


You could see an ogre.

Vanquished Creatures
  Sigmund (D:2)
  An ogre (D:4)
  A black bear (D:2)
  A howler monkey (D:4)
  An iguana (D:4)
  3 orc wizards (D:4)
  3 adders
  7 gnolls
  A worm (D:1)
  3 dart slugs
  6 leopard geckos
  3 orcs
  6 bats
  6 giant cockroaches
  6 goblins
  10 hobgoblins
  8 jackals (D:1)
  8 kobolds
  3 frilled lizards (D:3)
  9 rats
87 creatures vanquished.

Notes
Turn   | Place    | Note
-------+----------+-------------------------------------------
     0 | D:1      | shenanigans the Barachi Monk began the quest for the Orb.
     0 | D:1      | Reached XP level 1. HP: 18/18 MP: 1/1
    85 | D:1      | Reached skill level 1 in Armour
    85 | D:1      | Reached XP level 2. HP: 24/25 MP: 2/2
   141 | D:1      | Reached skill level 4 in Fighting
   501 | D:1      | Reached XP level 3. HP: 21/30 MP: 3/3
   806 | D:2      | Noticed Sigmund
  1061 | D:1      | Reached XP level 4. HP: 9/38 MP: 4/4
  1464 | D:2      | Killed Sigmund
  1464 | D:2      | Reached skill level 5 in Fighting
  1464 | D:2      | Reached skill level 5 in Axes
  1464 | D:2      | Reached XP level 5. HP: 32/44 MP: 5/5
  1464 | D:2      | Reached XP level 6. HP: 37/51 MP: 6/6
  1531 | D:2      | Found an ancient bone altar of Kikubaaqudgha.
  1533 | D:2      | Found a hazy altar of Hepliaklqana.
  1696 | D:2      | Found a white marble altar of Elyvilon.
  1698 | D:2      | Found a snail-covered altar of Cheibriados.
  1810 | D:3      | Noticed a black bear
  2441 | D:2      | Killed a black bear
  2847 | D:3      | Found a sacrificial altar of Ru.
  2847 | D:3      | Found an iron altar of Okawaru.
  3014 | D:3      | Found a faded altar of an unknown god.
  3049 | D:2      | Became a worshipper of Cheibriados the Contemplative
  3049 | D:2      | Reached * piety under Cheibriados
  3049 | D:2      | Reached ** piety under Cheibriados
  3344 | D:4      | Found Jukhlokh's Magic Scroll Shoppe.
  3363 | D:4      | Reached skill level 6 in Fighting
  3363 | D:4      | Reached XP level 7. HP: 6/58 MP: 7/7
  3598 | D:4      | Reached skill level 5 in Armour
  3771 | D:4      | Reached skill level 1 in Invocations
  3829 | D:4      | Found Bazxoa's Antique Armour Emporium.
  3842 | D:4      | Bought a large shield for 112 gold pieces
  3850 | D:4      | Found a shadowy altar of Dithmenos.
  3949 | D:4      | Slain by an ogre

Vault maps used:
D:1:      scummos_arrival_hexagon, minmay_cupped
D:2:      nicolae_overflow_hidden_temple, first_ration, uniq_sigmund
D:3:      gammafunk_temple_overflow_elements, chequers_ecumenical_altar_island,
          st_stairs_10
D:4:      serial_shops, shop, shop, nicolae_dithmenos_the_darkroom

Skill      XL: |  1  2  3  4  5  6  7 |
---------------+----------------------+-----
Armour         | 1 2 3 4 5 |  5.1
Fighting       | 4 5 6 |  6.5
Axes           | 4 5 |  5.9
Invocations    | 1 |  1.0
Dodging        | |  3.2
Stealth        | |  1.7
Shields        | |  0.2

Action                   |  1- 3 |  4- 6 |  7- 9 || total
-------------------------+-------+-------+-------++-------
Melee: Hand axe          |   102 |   200 |    71 ||   373
 Abil: Hop               |       |     2 |       ||     2
  Use: Scroll            |     6 |     2 |       ||     8
       Potion            |       |     1 |       ||     1
 Stab: Sleeping          |     3 |       |       ||     3
  Eat: Ration            |       |     2 |       ||     2
       Chunk             |       |     1 |     2 ||     3
Armor: Robe              |    58 |       |       ||    58
       Chain mail        |     6 |   175 |    41 ||   222
Dodge: Dodged            |   113 |   124 |    11 ||   248
Block: Large shield      |       |       |    10 ||    10

Table legend:
 A = Spawn XP
 B = Non-spawn XP
 C = Spawn XP percentage of total XP
 D = Spawn monster count
 E = Non-spawn monster count
 F = Spawn count percentage of total count
 G = Total turns spent on level
                    A         B        C        D         E        F      G
               +---------+---------+-------+---------+---------+-------+---------
         Total |       0 |     937 |   0.0 |       0 |      87 |   0.0 |  3949
               +---------+---------+-------+---------+---------+-------+---------
           D:1 |       0 |     116 |   0.0 |       0 |      34 |   0.0 |  1518
           D:2 |       0 |     441 |   0.0 |       0 |      22 |   0.0 |  1178
           D:3 |       0 |      34 |   0.0 |       0 |      20 |   0.0 |   626
           D:4 |       0 |     346 |   0.0 |       0 |      11 |   0.0 |   627
               +---------+---------+-------+---------+---------+-------+---------
